[Event "Team 45 45 League T51"]
[Site "Internet Chess Club"]
[Date "2011.12.10"]
[Round "5"]
[White "Neoman"]
[Black "g8wrb"]
[Result "1/2-1/2"]
[WhiteElo "1622"]
[BlackElo "1431"]
[Opening "French: exchange variation"]
[ECO "C01"]
[Time "14:04:23"]
[TimeControl "2700+45"]

1. e4 e6 2. d4 d5 3. exd5 exd5 4. Bd3 Bd6 5. c3 Ne7 6. Nf3 O-O 7. O-O Bf5 8.
Bxf5 Nxf5 9. Qb3 b6 10. Bg5 Qd7 11. Nbd2 c5 12. Rae1 Nc6 13. g4 Nfe7 14. h3 Ng6
15. Qb5 Rfe8 16. Rxe8+ Rxe8 17. Be3 Nce5 18. Qxd7 Nxd7 19. c4 Nf6 20. dxc5 Bxc5
21. Bxc5 bxc5 22. g5 Ne4 23. cxd5 Nxd2 24. Nxd2 Re5 25. d6 Rxg5+ 26. Kh2 Rd5 27.
Nc4 Rd4 28. b3 Kf8 29. Re1 Nh4 30. Re7 Nf5 31. Rxa7 Nxd6 32. Ne5 Ke8 33. Ra5 Rd2
34. Kg1 Rc2 35. Kg2 Ke7 36. Nc4 Nxc4 37. bxc4 Rxc4 38. Kf3 h5 39. Ra7+ Ke6 40.
Ra6+ Kf5 41. Ra7 Kg6 42. a4 f6 43. a5 Ra4 44. a6 c4 45. Rc7 Rxa6 46. Rxc4 Kf5
47. Rc5+ Kg6 48. Rc4 Kg5 49. Kg3 Ra3+ 50. f3 g6 51. h4+ Kh6 52. Kf4 g5+ 53.
hxg5+ fxg5+ 54. Kg3 Ra6 55. Re4 Kg6 56. Rd4 Rf6 57. Re4 Kf5 58. Rc4 h4+ 59. Kh3
Re6 60. Rb4 Re3 61. Kg2 Re2+ 62. Kh3 Re3 63. Kg2 h3+ 64. Kxh3 Rxf3+ 65. Kg2 Re3
66. Rb8 Kg4 67. Rb4+ Kf5 68. Rb8 Re4 69. Rf8+ Kg4 70. Rf3 Re2+ 71. Rf2 Rxf2+ 72.
Kxf2 Kf4 73. Kg2 Kg4 74. Kh2 Kf3 75. Kg1 Kg3 76. Kh1 Kf2 77. Kh2 g4 78. Kh1 Kf3
79. Kg1 Kg3 80. Kh1 Kh3 81. Kg1 g3 82. Kh1 Kg4 83. Kg2 Kf4 84. Kg1 Kf3 85. Kf1
{Game drawn by mutual agreement} 1/2-1/2

[Event "Team 45 45 League T51"]
[Site "Internet Chess Club"]
[Date "2011.12.11"]
[Round "5"]
[White "AtomicDog"]
[Black "julesraider"]
[Result "0-1"]
[WhiteElo "1327"]
[BlackElo "1558"]
[Opening "French: Steinitz variation"]
[ECO "C11"]
[Time "10:30:24"]
[TimeControl "2700+45"]

1. e4 e6 2. d4 d5 3. Nc3 Nf6 4. e5 Nfd7 5. f4 c5 6. Nf3 Qb6 7. Na4 Qa5+ 8. c3
cxd4 9. Nxd4 a6 10. b4 Qc7 11. Qd3 Nc6 12. Be3 b5 13. Nb2 Be7 14. Be2 O-O 15.
O-O Nb6 16. Qd2 f6 17. Nxc6 Qxc6 18. Bd4 fxe5 19. fxe5 Bb7 20. Bf3 Nd7 21. Rac1
a5 22. a3 Qc7 23. Nd3 Nb6 24. Nb2 Nc4 25. Nxc4 bxc4 26. Bg4 Qd7 27. Ra1 axb4 28.
cxb4 Rxf1+ 29. Rxf1 Rxa3 30. Qf2 Bxb4 31. Qb2 Rb3 32. Qf2 Qe7 33. Bxe6+ Qxe6 34.
Bc5 Bxc5 35. Qxc5 h6 36. Qf8+ Kh7 37. Rf7 Qxe5 {White resigns} 0-1

[Event "Team 45 45 League T51"]
[Site "Internet Chess Club"]
[Date "2011.12.07"]
[Round "5"]
[White "justice02"]
[Black "Dracoac"]
[Result "1-0"]
[WhiteElo "1772"]
[BlackElo "1690"]
[Opening "Benkö gambit"]
[ECO "A58"]
[Time "21:03:38"]
[TimeControl "2700+45"]

1. d4 Nf6 2. c4 c5 3. d5 b5 4. cxb5 a6 5. bxa6 g6 6. Nc3 Bxa6 7. e4 Bxf1 8. Kxf1
d6 9. g3 Bg7 10. Kg2 Nbd7 11. Nf3 Ng4 12. h3 Nge5 13. Nxe5 Nxe5 14. Rb1 O-O 15.
Qc2 Ra6 16. b3 Qa8 17. Bg5 Re8 18. a4 e6 19. Rhd1 h6 20. Be3 Rd8 21. Qd2 c4 22.
f4 Nd7 23. Nb5 Qc8 24. dxe6 fxe6 25. Nxd6 Qc7 26. Nxc4 Bf6 27. Qe2 Raa8 28. Qg4
Nf8 29. Bb6 Rxd1 30. Bxc7 Rxb1 31. Qf3 Rc8 32. Bd6 Bd4 33. Qd3 Ba7 34. Qxb1 Nd7
35. e5 Nc5 36. Qxg6+ Kh8 37. Be7 Nd7 38. Nd6 Rc2+ 39. Qxc2 {Black resigns} 1-0

[Event "Team 45 45 League T51"]
[Site "Internet Chess Club"]
[Date "2011.12.13"]
[Round "5"]
[White "moomaster"]
[Black "ScotchYeti"]
[Result "0-1"]
[WhiteElo "1565"]
[BlackElo "1726"]
[Opening "English opening"]
[ECO "A32"]
[Time "16:15:10"]
[TimeControl "2700+45"]

1. Nf3 Nf6 2. c4 c5 3. Nc3 e6 4. d4 cxd4 5. Nxd4 Bb4 6. Bd2 Nc6 7. Nc2 Bc5 8. e4
Qb6 9. Na4 Bxf2+ 10. Ke2 Qa6 11. Kxf2 Nxe4+ 12. Kf3 Nxd2+ 13. Qxd2 Qxa4 14. b3
Qa5 15. Qf4 Qc3+ 16. Qe3 Qxc2 17. Bd3 Qc3 18. Rac1 Qf6+ 19. Ke2 O-O 20. Kd2 Qd4
21. Qh3 g6 22. Rhf1 Ne5 23. Rc3 Nxd3 24. Rxd3 Qb2+ 25. Ke3 d5 26. cxd5 exd5 27.
Qg3 Re8+ 28. Kf3 Qe2+ 29. Kf4 Re4+ 30. Kg5 Qh5+ 31. Kf6 Re6# {White checkmated}
0-1

[Event "Team 45 45 League T51"]
[Site "Internet Chess Club"]
[Date "2011.12.09"]
[Round "5"]
[White "elessar"]
[Black "nosir"]
[Result "1-0"]
[WhiteElo "1594"]
[BlackElo "1490"]
[Opening "French: Two knights variation"]
[ECO "C00"]
[Time "19:00:31"]
[TimeControl "2700+45"]

1. e4 e6 2. Nf3 d5 3. Nc3 Nf6 4. e5 Nfd7 5. d4 c5 6. dxc5 Nxc5 7. Bf4 Nc6 8. Bd3
Be7 9. a3 O-O 10. h4 f6 11. Bxh7+ Kxh7 12. Ng5+ Kg6 13. h5+ {Black resigns} 1-0

[Event "Team 45 45 League T51"]
[Site "Internet Chess Club"]
[Date "2011.12.11"]
[Round "5"]
[White "Luckydawg"]
[Black "cepheid"]
[Result "1-0"]
[WhiteElo "1477"]
[BlackElo "1538"]
[Opening "English: ultra-symmetrical variation"]
[ECO "A36"]
[Time "10:00:38"]
[TimeControl "2700+45"]

1. c4 c5 2. g3 g6 3. Bg2 Bg7 4. Nc3 Nc6 5. d3 d6 6. Nf3 e5 7. O-O Nge7 8. a3 O-O
9. Rb1 a5 10. Ne1 Rb8 11. Nc2 Nf5 12. Bd2 Ncd4 13. Nxd4 exd4 14. Nd5 Ne7 15.
Nxe7+ Qxe7 16. Bxa5 Re8 17. Re1 h5 18. e3 dxe3 19. Rxe3 Be5 20. Bc3 Bf5 21. f4
Qd8 22. fxe5 Qg5 23. Bd2 Bg4 24. Bf3 Bh3 25. Qe2 Qf5 26. exd6 Kf8 27. Rxe8+ Rxe8
28. Be4 Qe6 29. Qf2 f5 30. Bh6+ Kg8 31. Bd5 {Black resigns} 1-0

[Event "Team 45 45 League T51"]
[Site "Internet Chess Club"]
[Date "2011.12.09"]
[Round "5"]
[White "RD1974"]
[Black "nursey"]
[Result "0-1"]
[WhiteElo "1648"]
[BlackElo "1608"]
[Opening "French: King's Indian attack"]
[ECO "C00"]
[Time "16:02:03"]
[TimeControl "2700+45"]

1. e4 e6 2. d3 d5 3. Nd2 Bb4 4. c3 Bd6 5. Ngf3 Nf6 6. e5 O-O 7. exf6 Qxf6 8. d4
c5 9. Bd3 Nc6 10. Nf1 cxd4 11. cxd4 Bb4+ 12. Bd2 Bxd2+ 13. Qxd2 Bd7 14. Ne3 Rac8
15. Ng4 Qe7 16. O-O Nb4 17. Bb1 Bb5 18. Re1 Bc4 19. b3 Bb5 20. a3 Nc6 21. Ng5 h6
22. Nh7 Rfd8 23. Re3 Nxd4 24. Nhf6+ Kh8 25. Rh3 Ne2+ 26. Kh1 Rc1+ 27. Qxc1 Nxc1
28. Nxh6 gxh6 29. Ng4 Kg7 30. Rxh6 f5 31. Bxf5 exf5 32. Ne3 Qe5 33. Nxf5+ Qxf5
34. Rh3 Nd3 35. Rg3+ Kf6 36. Rf3 Nf4 37. g3 Qe4 {White resigns} 0-1

[Event "Team 45 45 League T51"]
[Site "Internet Chess Club"]
[Date "2011.12.11"]
[Round "5"]
[White "Kristian1974"]
[Black "kidcobra"]
[Result "0-1"]
[WhiteElo "1604"]
[BlackElo "1600"]
[Opening "QGD: exchange, positional line"]
[ECO "D35"]
[Time "14:03:22"]
[TimeControl "2700+45"]

1. d4 d5 2. c4 e6 3. Nc3 Nf6 4. cxd5 exd5 5. Bg5 Be7 6. Nf3 c6 7. Qc2 Bb4 8. a3
Bxc3+ 9. bxc3 Be6 10. e3 Nbd7 11. Bd3 c5 12. O-O c4 13. Be2 Qc7 14. Bf4 Qd8 15.
Ng5 O-O 16. e4 Nxe4 17. Nxe4 dxe4 18. Qxe4 b6 19. Bf3 Rc8 20. Qc2 Qf6 21. Bg3
Qg6 22. Qxg6 fxg6 23. Bd6 Rf6 24. Bb7 Re8 25. Rfe1 Bf7 26. Be7 Re6 27. Rxe6 Bxe6
28. Bd6 Nf6 29. Re1 Bf7 30. Rxe8+ Nxe8 31. Bb8 a5 32. Bc6 Nf6 33. Bf4 Bd5 34.
Bb5 Ne4 35. Bc7 Nxc3 36. a4 Nxb5 37. axb5 c3 38. Bf4 Bc4 39. f3 a4 40. Bc1 Bxb5
41. Ba3 Bc4 42. Kf2 b5 43. Ke1 Kf7 44. Kf2 c2 45. Ke3 b4 46. Bc1 a3 47. Kd2 Bb3
48. f4 Ke6 49. g3 Kd5 50. h4 Kxd4 51. g4 Ke4 52. h5 Kxf4 53. hxg6 hxg6 54. Kd3+
Kxg4 55. Be3 a2 {White resigns} 0-1

[Event "Team 45 45 League T51"]
[Site "Internet Chess Club"]
[Date "2011.12.11"]
[Round "5"]
[White "chicopee-ed"]
[Black "Vin07"]
[Result "0-1"]
[WhiteElo "1358"]
[BlackElo "1538"]
[Opening "QGD Slav: 4.e3"]
[ECO "D11"]
[Time "14:00:51"]
[TimeControl "2700+45"]

1. d4 d5 2. Nf3 c6 3. e3 Nf6 4. c4 Bg4 5. Nbd2 e6 6. Bd3 Bd6 7. b3 Nbd7 8. Bb2
O-O 9. Qc2 Bh5 10. Ne5 c5 11. O-O Rc8 12. h3 Bg6 13. Bxg6 hxg6 14. f4 Qc7 15.
Rf3 cxd4 16. exd4 dxc4 17. Rc1 Be7 18. Nexc4 Nd5 19. Ne3 Qxc2 20. Rxc2 Rxc2 21.
Nxc2 Rc8 22. Nc4 b5 23. N4a3 a6 24. g3 N7f6 25. Ne3 Nxe3 26. Rxe3 Nd5 27. Rf3
Nb4 28. Rc3 Rxc3 29. Bxc3 Nxa2 30. Nb1 Nxc3 31. Nxc3 Bf6 32. Ne4 Bxd4+ 33. Kf1
Kf8 34. Ke2 Ke7 35. g4 f6 36. Kd3 Bb6 37. Kc2 Be3 38. Kd3 Bxf4 39. Nc5 a5 40.
Na6 a4 41. bxa4 bxa4 42. Nb4 Bd6 43. Na2 a3 44. Ke4 g5 45. Kd3 e5 46. Ke4 Ke6
47. Nc1 g6 48. Na2 f5+ 49. gxf5+ gxf5+ 50. Kd3 Kd5 51. Ke3 e4 52. Nc3+ Ke5 53.
Na2 f4+ 54. Ke2 Kd4 {White resigns} 0-1

[Event "Team 45 45 League T51"]
[Site "Internet Chess Club"]
[Date "2011.12.12"]
[Round "5"]
[White "katikus"]
[Black "rahulr"]
[Result "1-0"]
[WhiteElo "1830"]
[BlackElo "1594"]
[Opening "Alekhine's defense: exchange variation"]
[ECO "B03"]
[Time "19:02:33"]
[TimeControl "2700+45"]

1. e4 Nf6 2. e5 Nd5 3. d4 d6 4. c4 Nb6 5. exd6 exd6 6. Nc3 Bf5 7. Nf3 Be7 8. Be2
O-O 9. O-O Re8 10. Be3 Bf6 11. Bd3 Qd7 12. Qc2 Bxd3 13. Qxd3 Qe6 14. b3 Na6 15.
a3 Re7 16. Rad1 Rae8 17. d5 Qg4 18. Rfe1 Nd7 19. h3 Qh5 20. Kf1 Nac5 21. Qc2 Ne5
22. Nxe5 Bxe5 23. Bxc5 dxc5 24. Ne2 Qh4 25. Ng1 Qf6 26. Nf3 Bc3 27. Rxe7 Rxe7
28. Rd3 Bb2 29. a4 Ba3 30. Qc3 Qxc3 31. Rxc3 Kf8 32. Re3 Rxe3 33. fxe3 Ke7 34.
Ke2 Kf6 35. Ne1 Ke5 36. Kf3 h5 37. Nd3+ Kf5 38. e4+ Kg5 39. g4 h4 40. e5 b6 41.
Ke4 a5 42. d6 cxd6 43. exd6 Kf6 44. Kd5 g5 {Black resigns} 1-0

[Event "Team 45 45 League T51"]
[Site "Internet Chess Club"]
[Date "2011.12.10"]
[Round "5"]
[White "Euclid"]
[Black "AVEMARIA"]
[Result "1/2-1/2"]
[WhiteElo "1680"]
[BlackElo "1651"]
[Opening "QGD Slav: Dutch variation, main line"]
[ECO "D19"]
[Time "12:00:52"]
[TimeControl "2700+45"]

1. d4 d5 2. c4 c6 3. Nf3 Nf6 4. Nc3 dxc4 5. a4 Bf5 6. e3 e6 7. Bxc4 Bb4 8. O-O
O-O 9. Qe2 Nbd7 10. Ne5 Nxe5 11. dxe5 Ne4 12. Nxe4 Bxe4 13. f4 Qc7 14. Bd2 Bxd2
15. Qxd2 Rad8 16. Qc3 Rd7 17. Rfd1 Rfd8 18. Rxd7 Rxd7 19. Be2 Qd8 20. Qe1 h6 21.
Rd1 Rxd1 22. Qxd1 Qxd1+ 23. Bxd1 Kf8 24. Kf2 Ke7 25. a5 b6 26. axb6 axb6 27. Bf3
Bxf3 28. Kxf3 c5 29. Ke2 Kd7 30. b3 Kc6 31. Kd2 g5 32. fxg5 hxg5 33. e4 b5 34.
Kc2 Kd7 35. Kd2 Ke7 36. Kd3 f5 37. exf6+ Kxf6 38. Ke3 Ke5 39. h3 c4 40. bxc4
bxc4 41. g3 c3 42. h4 gxh4 43. gxh4 c2 44. Kd2 Kxe4 45. Kxc2 Kf4 46. Kd3 e5 47.
h5 e4+ 48. Ke2 Kg5 49. h6 Kxh6 50. Ke3 Kg5 51. Kxe4 {Game drawn because neither
player has mating material} 1/2-1/2

[Event "Team 45 45 League T51"]
[Site "Internet Chess Club"]
[Date "2011.12.11"]
[Round "5"]
[White "Warpdrive"]
[Black "Risto"]
[Result "1/2-1/2"]
[WhiteElo "1616"]
[BlackElo "1364"]
[Opening "French: Rubinstein variation"]
[ECO "C03"]
[Time "13:08:35"]
[TimeControl "2700+45"]

1. e4 e6 2. d4 d5 3. Nd2 dxe4 4. Nxe4 Nd7 5. Nf3 Ngf6 6. Nxf6+ Nxf6 7. Bg5 Be7
8. Bd3 O-O 9. O-O b6 10. Bxf6 Bxf6 11. Be4 Rb8 12. Qd3 g6 13. Rad1 Bg7 14. Qc4
b5 15. Qc5 a5 16. Ne5 Bd7 17. Bc6 Be8 18. Bxe8 Qxe8 19. Qxc7 a4 20. Nd7 Rc8 21.
Qb7 Qe7 22. Nc5 Qxb7 23. Nxb7 Rxc2 24. Nd6 Rxb2 25. Rb1 Bxd4 26. Rxb2 Bxb2 27.
Rb1 a3 28. Nxb5 Rd8 29. g3 Rd2 30. Re1 Rd5 31. Nc7 Rc5 32. Na6 Rc2 33. Nb4 Rd2
34. Re3 Bd4 35. Rxa3 Rxf2 36. Kh1 g5 37. Nc6 e5 38. Nxd4 exd4 39. Rd3 Rxa2 40.
Rxd4 Kg7 41. h4 h6 42. Kg1 f6 43. h5 Ra7 44. Kf2 Rf7 45. Kf3 f5 46. Rc4 Re7 47.
Rc6 {Game drawn by mutual agreement} 1/2-1/2

[Event "Team 45 45 League T51"]
[Site "Internet Chess Club"]
[Date "2011.12.11"]
[Round "5"]
[White "Slipanov"]
[Black "tightfist"]
[Result "0-1"]
[WhiteElo "1278"]
[BlackElo "1627"]
[Opening "French: Rubinstein variation"]
[ECO "D00"]
[Time "20:09:25"]
[TimeControl "2700+45"]

1. d4 d5 2. e4 dxe4 3. Nc3 e6 4. a3 Nf6 5. f3 exf3 6. Nxf3 Be7 7. Bd3 Nbd7 8.
O-O c5 9. Ne2 cxd4 10. Nexd4 Qb6 11. Kh1 O-O 12. b4 a5 13. Rb1 axb4 14. axb4 Re8
15. Bd2 Nf8 16. c4 Bd7 17. c5 Qc7 18. Qc2 Nd5 19. Ng5 Bxg5 20. Bxg5 f6 21. Bd2
Qe5 22. Nf3 Qh5 23. Qc4 Rec8 24. Nd4 Nb6 25. Qc1 Nd5 26. Be2 Qf7 27. Qe1 Ra4 28.
Bb5 Bxb5 29. Nxb5 Rca8 30. Nd6 Qd7 31. Qg3 Ra3 32. Qg4 b6 {White forfeits on
time} 0-1

[Event "Team 45 45 League T51"]
[Site "Internet Chess Club"]
[Date "2011.12.12"]
[Round "5"]
[White "playwaycool"]
[Black "Zumbi"]
[Result "0-1"]
[WhiteElo "2116"]
[BlackElo "2164"]
[Opening "QGD Slav defense: exchange variation"]
[ECO "D13"]
[Time "19:05:08"]
[TimeControl "2700+45"]

1. d4 d5 2. c4 c6 3. cxd5 cxd5 4. Nf3 Nc6 5. Nc3 Nf6 6. Bf4 a6 7. Rc1 Bf5 8. a3
e6 9. e3 Bd6 10. Bxd6 Qxd6 11. Bd3 Bg4 12. Be2 O-O 13. O-O b5 14. Nd2 Bxe2 15.
Nxe2 Na5 16. Nf4 Nc4 17. Nd3 a5 18. Nb3 Ne4 19. Qe2 f5 20. f3 a4 21. fxe4 fxe4
22. Nbc5 exd3 23. Nxd3 Rf5 24. Rf3 Raf8 25. Rcf1 Rxf3 26. Rxf3 Rxf3 27. Qxf3
Nxb2 28. Nxb2 Qxa3 29. Nd1 Qb4 30. Qg3 h6 31. h4 a3 32. Qg4 Kh7 33. h5 Qb1 34.
Kh2 b4 35. Nf2 Qf5 36. Qe2 b3 37. g4 Qc2 38. Qf3 b2 39. g5 hxg5 40. Kg3 b1=Q 41.
Nh3 Qf5 {White resigns} 0-1

[Event "Team 45 45 League T51"]
[Site "Internet Chess Club"]
[Date "2011.12.13"]
[Round "5"]
[White "grabuark"]
[Black "ferrari9182"]
[Result "1-0"]
[WhiteElo "2093"]
[BlackElo "1905"]
[Opening "King's Indian: Sämisch, 5...O-O"]
[ECO "E81"]
[Time "21:00:34"]
[TimeControl "2700+45"]

1. d4 Nf6 2. c4 g6 3. Nc3 Bg7 4. e4 d6 5. f3 O-O 6. Bg5 c5 7. d5 Na6 8. Qd2 Bd7
9. Bd3 Nc7 10. Nge2 Rb8 11. a4 Re8 12. O-O Qc8 13. Kh1 b6 14. Nb5 a6 15. Nxc7
Qxc7 16. Nc3 Bc8 17. f4 Nd7 18. Rae1 Nf8 19. e5 e6 20. exd6 Qxd6 21. f5 Bb7 22.
dxe6 Nxe6 23. fxe6 Rxe6 24. Bf4 Be5 25. Bxe5 Rxe5 26. Qf4 f6 27. Rxe5 Qxe5 28.
Qxf6 Re8 {Black resigns} 1-0

[Event "Team 45 45 League T51"]
[Site "Internet Chess Club"]
[Date "2011.12.12"]
[Round "5"]
[White "AntMantis"]
[Black "Tobiasdelmonte"]
[Result "0-1"]
[WhiteElo "2028"]
[BlackElo "1780"]
[Opening "QGD semi-Slav: Meran"]
[ECO "D48"]
[Time "21:08:55"]
[TimeControl "2700+45"]

1. d4 d5 2. c4 c6 3. Nc3 e6 4. Nf3 Nf6 5. e3 Nbd7 6. Bd3 dxc4 7. Bxc4 b5 8. Bd3
a6 9. e4 c5 10. Be3 c4 11. Bb1 Bb7 12. e5 Nd5 13. Nxd5 Bxd5 14. O-O Be7 15. Qc2
Bxf3 16. gxf3 Nb6 17. a4 Nd5 18. axb5 axb5 19. Rxa8 Qxa8 20. Qe2 O-O 21. b3 Qc6
22. bxc4 bxc4 23. Be4 g6 24. Rc1 c3 25. Bh6 Rc8 26. f4 Ba3 27. Rc2 Bb2 28. Qf3
Qc4 29. f5 Qxd4 30. fxg6 fxg6 31. Bxd5 Qxd5 32. Qf6 Qd7 33. Kg2 Qf7 34. Qxf7+
Kxf7 35. Be3 Rc4 36. f4 Ke7 37. Kf3 Kd7 38. Ke2 Kc6 39. Kd3 Kb5 40. Rg2 Kb4 41.
Kc2 Re4 42. Kd3 Rc4 43. Kc2 Rc7 44. Rg4 Kb5 45. Rg1 Rd7 46. Rb1 Kc4 47. Rg1 Rd8
48. Rf1 Rd5 49. Rg1 Ba3 50. Rg2 Rb5 51. Bc1 Bc5 52. Rg3 Bd4 53. Rd3 Ra5 54. Rh3
Ra2+ 55. Kd1 Ra7 56. Kc2 Kd5 57. Be3 Ra2+ 58. Kd3 Bxe3 59. Kxe3 Ra7 60. Kd3 Rc7
61. Kc2 Ke4 62. Rh4 Kf3 63. Rh3+ Kxf4 64. Rg3 Kxe5 65. h4 Kf5 66. Rg5+ Kf4 67.
Rg1 e5 68. h5 g5 69. Rf1+ Kg4 70. h6 Rc6 71. Rf7 Rxh6 72. Kxc3 Rh3+ 73. Kd2 h5
74. Ke2 Ra3 {White resigns} 0-1

[Event "Team 45 45 League T51"]
[Site "Internet Chess Club"]
[Date "2011.12.09"]
[Round "5"]
[White "blackcatdillac"]
[Black "ChessAuthor"]
[Result "0-1"]
[WhiteElo "1699"]
[BlackElo "1735"]
[Opening "Alekhine's defense: two pawns' (Lasker's) attack"]
[ECO "B02"]
[Time "01:00:17"]
[TimeControl "2700+45"]

1. e4 Nf6 2. e5 Nd5 3. c4 Nb6 4. c5 Nd5 5. Bc4 e6 6. Nc3 Nxc3 7. dxc3 Bxc5 8.
Qg4 Bf8 9. Bf4 d6 10. O-O-O d5 11. Bd3 c5 12. h4 Bd7 13. Bc2 b5 14. h5 h6 15.
Nf3 b4 16. c4 a5 17. Nh4 d4 18. Ng6 Rg8 19. Nh4 a4 20. Bg6 Qe7 21. Bh7 Rh8 22.
Ng6 fxg6 23. Bxg6+ Kd8 24. Bg3 Qg5+ 25. Qxg5+ hxg5 26. f4 gxf4 27. Bxf4 Nc6 28.
g4 Na5 29. g5 Nxc4 30. h6 Kc7 31. Bd3 Nb6 32. h7 Nd5 33. Bd2 a3 34. b3 Be7 35.
g6 Raf8 36. Rdf1 Nc3 37. Bh6 c4 38. Bxc4 Be8 39. Rxf8 Bxf8 40. Rg1 Nxa2+ 41. Kc2
Nc3 42. Bd2 Bxg6+ 43. Rxg6 Rxh7 44. Rg1 Rh2 {White resigns} 0-1

[Event "Team 45 45 League T51"]
[Site "Internet Chess Club"]
[Date "2011.12.10"]
[Round "5"]
[White "Catalog"]
[Black "King-Ghost"]
[Result "0-1"]
[WhiteElo "2115"]
[BlackElo "2171"]
[Opening "Scandinavian: Pytel-Wade variation"]
[ECO "B01"]
[Time "13:00:28"]
[TimeControl "2700+45"]

1. e4 d5 2. exd5 Qxd5 3. Nc3 Qd6 4. g3 Nf6 5. Bg2 Bg4 6. Nge2 Nc6 7. d4 O-O-O 8.
Be3 e5 9. O-O exd4 10. Nb5 Qe7 11. h3 dxe3 12. Qe1 Bh5 13. f4 Qc5 14. c4 Qxc4
15. Nec3 Bb4 16. a4 e2 17. Rf2 Rd1 {White resigns} 0-1

[Event "Team 45 45 League T51"]
[Site "Internet Chess Club"]
[Date "2011.12.11"]
[Round "5"]
[White "LittleWarrior"]
[Black "kasperloff"]
[Result "1-0"]
[WhiteElo "1960"]
[BlackElo "1978"]
[Opening "English opening"]
[ECO "A30"]
[Time "18:01:56"]
[TimeControl "2700+45"]

1. Nf3 Nf6 2. c4 c5 3. Nc3 g6 4. e4 d6 5. d4 cxd4 6. Nxd4 Bg7 7. Be2 O-O 8. O-O
Nc6 9. Be3 Bd7 10. Rc1 Rc8 11. b3 a6 12. f3 Qa5 13. Qd2 Nxd4 14. Bxd4 Bc6 15.
Be3 Rfe8 16. Rfd1 b5 17. cxb5 axb5 18. Nxb5 Qxd2 19. Rxd2 Bxb5 20. Rxc8 Rxc8 21.
Bxb5 Rc1+ 22. Kf2 Rc7 23. e5 {Black resigns} 1-0

[Event "Team 45 45 League T51"]
[Site "Internet Chess Club"]
[Date "2011.12.13"]
[Round "5"]
[White "viking99"]
[Black "amnesia"]
[Result "1/2-1/2"]
[WhiteElo "1823"]
[BlackElo "1890"]
[Opening "Sicilian defense"]
[ECO "B30"]
[Time "20:00:26"]
[TimeControl "2700+45"]

1. e4 c5 2. Nf3 Nc6 3. Nc3 g6 4. d3 Bg7 5. Be2 d6 6. O-O Nf6 7. Be3 Bg4 8. Qd2
O-O 9. Bh6 Nd4 10. Bxg7 Nxe2+ 11. Qxe2 Kxg7 12. h3 Bxf3 13. Qxf3 Qb6 14. b3 Qc6
15. Rae1 e6 16. e5 Qxf3 17. gxf3 dxe5 18. Rxe5 Rac8 19. Rfe1 Rfd8 20. a4 b6 21.
Kg2 Rd7 22. f4 Rcd8 23. Kf3 Nd5 24. Nxd5 Rxd5 25. Kg4 h5+ 26. Kf3 Kf6 27. h4
Rxe5 28. Rxe5 Rd5 29. Ke4 Rd4+ 30. Kf3 Ke7 31. Re4 Rd5 32. Re5 Kd6 33. Rg5 Rd4
34. Ke3 Rd5 35. c3 a6 36. Ke4 b5 37. a5 b4 38. c4 Rd4+ 39. Ke3 Kc6 40. Re5 Rd8
41. Ke2 Kd6 42. Rg5 Kc6 43. Re5 {Game drawn by mutual agreement} 1/2-1/2

[Event "Team 45 45 League T51"]
[Site "Internet Chess Club"]
[Date "2011.12.12"]
[Round "5"]
[White "carokantor"]
[Black "DARKwizard1"]
[Result "1-0"]
[WhiteElo "2087"]
[BlackElo "2147"]
[Opening "Queen's pawn: stonewall attack"]
[ECO "A45"]
[Time "18:01:17"]
[TimeControl "2700+45"]

1. d4 Nf6 2. e3 d5 3. Bd3 c5 4. c3 Nc6 5. f4 g6 6. Nd2 cxd4 7. exd4 Bh6 8. Ndf3
Qc7 9. Ne5 Nh5 10. Qf3 f6 11. Nxg6 hxg6 12. Bxg6+ Kf8 13. Bxh5 Qa5 14. Qd3 Bd7
15. Ne2 Bg7 16. Bf3 e5 17. fxe5 fxe5 18. O-O Ke7 19. Qg6 Bf6 20. Bxd5 Raf8 21.
Rxf6 Qxd5 22. Bg5 Rhg8 23. Re6# {Black checkmated} 1-0

[Event "Team 45 45 League T51"]
[Site "Internet Chess Club"]
[Date "2011.12.10"]
[Round "5"]
[White "jt2000"]
[Black "IshanR"]
[Result "0-1"]
[WhiteElo "1709"]
[BlackElo "1844"]
[Opening "Two knights defense"]
[ECO "C58"]
[Time "23:43:07"]
[TimeControl "2700+45"]

1. e4 e5 2. Nf3 Nc6 3. Bc4 Nf6 4. Ng5 d5 5. exd5 Na5 6. Bb5+ Bd7 7. Bxd7+ Qxd7
8. d3 Nxd5 9. O-O O-O-O 10. Bd2 Nc6 11. Qf3 f6 12. Ne4 f5 13. Nec3 Nd4 14. Qd1
Be7 15. Re1 Bf6 16. Nxd5 Qxd5 17. Bc3 Rhe8 18. Na3 g6 19. Nc4 Nb5 20. Bd2 e4 21.
Ne3 Qd7 22. a4 Nd6 23. Bc3 Bxc3 24. bxc3 Re6 25. Qb1 exd3 26. cxd3 f4 27. Nd5 g5
28. Qb3 Rde8 29. Reb1 c6 30. Nb4 Nf5 31. Na6 Qe7 32. Kf1 c5 33. Qd5 Rxa6 34.
Qxf5+ Kb8 35. Re1 Re6 36. Reb1 Re5 37. Qg4 Qf7 38. Re1 h5 39. Qh3 g4 40. Qh4 Qd5
41. d4 Rxe1+ 42. Rxe1 Qc4+ {White resigns} 0-1

[Event "Team 45 45 League T51"]
[Site "Internet Chess Club"]
[Date "2011.12.11"]
[Round "5"]
[White "Gregorio"]
[Black "vaknight"]
[Result "1-0"]
[WhiteElo "1866"]
[BlackElo "1800"]
[Opening "English: Anglo-Dutch defense"]
[ECO "A10"]
[Time "16:00:23"]
[TimeControl "2700+45"]

1. c4 f5 2. g3 Nf6 3. Bg2 e5 4. Nf3 d6 5. O-O Be7 6. Nc3 O-O 7. e4 fxe4 8. Ng5
c6 9. Ncxe4 h6 10. Nxf6+ Bxf6 11. Ne4 Be7 12. d4 Nd7 13. f4 exd4 14. Qxd4 d5 15.
cxd5 Nf6 16. d6 Nxe4 17. Qc4+ Rf7 18. dxe7 Qb6+ 19. Kh1 Nd6 20. Qd3 Ne8 21. Qd8
Rxe7 22. Qxe7 Nf6 23. f5 Bd7 24. Bxh6 {Black resigns} 1-0

[Event "Team 45 45 League T51"]
[Site "Internet Chess Club"]
[Date "2011.12.09"]
[Round "5"]
[White "rayonline53"]
[Black "MeanMrMustard"]
[Result "1/2-1/2"]
[WhiteElo "1555"]
[BlackElo "1792"]
[Opening "QGD Slav: 4.e3 Bf5"]
[ECO "D12"]
[Time "18:48:44"]
[TimeControl "2700+45"]

1. d4 d5 2. Nf3 Nf6 3. e3 Bf5 4. c4 c6 5. Nc3 e6 6. cxd5 exd5 7. Bd3 Bxd3 8.
Qxd3 Bd6 9. O-O O-O 10. h3 Nbd7 11. Nd2 Rc8 12. e4 dxe4 13. Ndxe4 Bb8 14. Bg5
Qc7 15. g3 Nxe4 16. Nxe4 Qa5 17. Bd2 Qf5 18. Kg2 Rfe8 19. Nc5 Qd5+ 20. Qf3 Qxd4
21. Be3 Rxe3 22. fxe3 Qxb2+ 23. Rf2 Qxa1 24. Qxf7+ Kh8 25. Nxd7 h6 26. Nf8 Qb1
27. Ng6+ Kh7 28. Nf8+ Kh8 29. Ng6+ Kh7 30. Nf8+ Kh8 31. Ng6+ Kh7 {Game drawn by
repetition} 1/2-1/2

[Event "Team 45 45 League T51"]
[Site "Internet Chess Club"]
[Date "2011.12.13"]
[Round "5"]
[White "ghostfire"]
[Black "Muravey"]
[Result "1/2-1/2"]
[WhiteElo "1754"]
[BlackElo "1632"]
[Opening "Owen defense"]
[ECO "B00"]
[Time "20:00:29"]
[TimeControl "2700+45"]

1. e4 b6 2. d4 Bb7 3. Nc3 e6 4. a3 Nf6 5. Bg5 h6 6. Bxf6 Qxf6 7. Nf3 c5 8. d5
Qe7 9. d6 Qf6 10. e5 Bxf3 11. exf6 Bxd1 12. fxg7 Bxg7 13. Rxd1 Bxc3+ 14. bxc3 a6
15. c4 Nc6 16. c3 Rg8 17. Rb1 Rb8 18. g3 Ne5 19. Be2 f5 20. a4 Nf7 21. Bh5 Kf8
22. Bxf7 Kxf7 23. Ke2 Rg4 24. f4 Rgg8 25. Rb2 Rb7 26. Rhb1 Rgb8 27. a5 b5 28.
cxb5 axb5 29. a6 Ra7 30. Rxb5 Rxb5 31. Rxb5 Rxa6 32. Rxc5 Rxd6 33. Rc7 Kg6 34.
Rc8 Ra6 35. h3 Ra2+ 36. Kf3 Rh2 37. h4 Kh5 38. Rc7 Rd2 39. Ke3 Rd6 40. Rc8 Rc6
41. Rxc6 dxc6 42. Kf3 Kg6 43. g4 fxg4+ 44. Kxg4 h5+ 45. Kg3 Kf6 46. c4 c5 47.
Kf2 e5 48. Kf3 Ke6 49. Ke4 exf4 {Game drawn by mutual agreement} 1/2-1/2